Jets vs Predators

Created - 19 décembre 2017 at 15:55

Goals
1 2 3 OT1 SO T
Jets 1 0 0 0 1 2
Predators 0 1 0 0 0 1
Shots
1 2 3 OT1 SO T
Jets 7 10 12 3 3 32
Predators 14 10 16 0 3 40

1st period

1. Jets , Gustav Nyquist 12 (Sam Reinhart 8, Marc-Edouard Vlasic 14) at 16:09

Penalties :
Mark Fraser (WIN) for Hooking (Minor) at 2:06, Kevan Miller (NSH) for Hooking (Minor) at 9:00, Ryan Ellis (WIN) for Hooking (Minor) at 19:39

2nd period

2. Predators , Nikita Filatov 6 (Tyler Bozak 13, Chris Harrington 1) at 19:06

Penalties :
Mark Fraser (WIN) for Hooking (Minor) at 1:55, Brenden Dillon (NSH) for Hooking (Minor) at 8:44, Derek Roy (NSH) for Holding (Minor) at 13:28, Derek Roy (NSH) for Roughing (Minor) at 16:30

3rd period

No Goal

Penalties :
Ladislav Smid (NSH) for Holding (Minor) at 2:31, Mark Fraser (WIN) for Hooking (Minor) at 7:39, Derek Roy (NSH) for Tripping (Minor) at 13:02, Derek Roy (NSH) for Hooking (Minor) at 19:54

Overtime #1

No Goal

Penalties :
No Penalty

Shootout

Penalty Shot by Tomas Surovy for Jets - Stopped by Cam Ward
Penalty Shot by Tuomo Ruutu for Predators - Shot Misses the Net
Penalty Shot by Brent Aubin for Jets - Goal!
Penalty Shot by Ryan Callahan for Predators - Stopped by Maxime Daigneault
Penalty Shot by Kyle MacKinnon for Jets - Stopped by Cam Ward
Penalty Shot by Kyle Okposo for Predators - Stopped by Maxime Daigneault

Penalties :
No Penalty

Goalie Stats

Maxime Daigneault (WIN), 39 saves from 40 shots - (0,975), W, 4-7-1, 65:00 minutes
Cam Ward (NSH), 31 saves from 32 shots - (0,969), OTL, 13-7-4, 65:00 minutes

Players Stats for Jets

Player Name              G  A  P  +/- PIM S  H  SB GA TA FO     MP     PP MP  PK MP  
------------------------------------------------------------------------------------
*Nico Hischier           0  0  0  -1  0   2  0  1  0  0  7/24   23:22   4:09   3:59 
Andre Deveaux            0  0  0   0  0   2  3  0  0  0  3/11   11:21   0:00   3:12 
Brent Aubin              0  0  0   1  0   2  2  1  0  0  0/1    25:38   7:51   4:19 
Brett Kulak              0  0  0   0  0   0  0  0  0  0  0/0    12:28   0:00   0:00 
Gustav Nyquist           1  0  1   1  0   7  0  1  0  0  0/2    22:08   7:08   3:57 
Jake Muzzin              0  0  0  -1  0   1  1  3  0  0  0/0    26:24   6:42   4:19 
Josh Bailey              0  0  0  -1  0   2  1  0  0  0  0/0    16:48   0:18   0:00 
Kyle MacKinnon           0  0  0   0  0   0  0  0  0  0  6/12   14:27   4:37   0:00 
Marc-Edouard Vlasic      0  1  1   1  0   4  0  3  0  0  0/0    24:56   5:16   3:37 
Mark Fraser              0  0  0   0  6   0  3  2  0  0  0/0    13:19   0:54   0:00 
Pavel Vorobiev           0  0  0   0  0   2  0  0  0  0  0/0     8:56   0:00   0:00 
Raffi Torres             0  0  0   0  0   1  1  0  0  0  0/0     8:56   1:15   0:00 
Ryan Ellis               0  0  0   1  2   1  3  4  0  0  0/0    24:26   5:16   2:27 
Sam Reinhart             0  1  1   1  0   0  0  0  0  0  8/31   18:17   7:32   0:43 
Tim Jackman              0  0  0   0  0   0  0  0  0  0  0/0     0:00   0:00   0:00 
Tomas Surovy             0  0  0   0  0   3  3  0  0  0  5/17   25:23   4:18   4:01 
Trevor Van Riemsdyk      0  0  0  -1  0   1  0  1  0  0  0/0    13:23   0:30   1:10 
Tyler Ennis              0  0  0  -1  0   4  2  1  0  0  0/1    18:42   4:09   0:00 

Players Stats for Predators

Player Name              G  A  P  +/- PIM S  H  SB GA TA FO     MP     PP MP  PK MP  
------------------------------------------------------------------------------------
Boyd Gordon              0  0  0   0  0   0  0  4  0  0  10/16  13:10   0:00   6:56 
Brandon Dubinsky         0  0  0  -1  0   4  2  0  0  0  16/24  17:41   4:26   0:31 
Brenden Dillon           0  0  0   0  2   1  2  2  0  0  0/0    26:03   4:26   7:20 
Chris Harrington         0  1  1   1  0   1  0  2  0  0  0/0    16:27   0:00   1:29 
Danny Dekeyser           0  0  0  -1  0   2  0  1  0  0  0/0    23:38   3:30   8:17 
Derek Roy                0  0  0   0  8   5  4  0  0  0  15/20  16:52   3:30   2:30 
Kevan Miller             0  0  0   0  2   1  5  0  0  0  0/0    18:53   3:30   4:48 
Kyle Okposo              0  0  0  -1  0   7  0  0  0  0  1/1    17:05   4:26   0:00 
Ladislav Smid            0  0  0   0  2   1  0  1  0  0  0/0    22:29   0:00   5:37 
Lauri Korpikoski         0  0  0   0  0   1  0  0  0  0  0/0     6:14   0:00   0:00 
Nikita Filatov           1  0  1   1  0   4  0  0  0  0  1/1    17:43   4:26   0:00 
Patrick Eaves            0  0  0   0  0   1  0  0  0  0  0/0    10:42   0:00   0:00 
Paul Byron               0  0  0   0  0   1  0  0  0  0  1/1    12:18   0:00   6:04 
R.J. Umberger            0  0  0   0  0   2  0  1  0  0  9/11   14:38   0:00   3:56 
Ryan Callahan            0  0  0  -1  0   3  2  0  0  0  3/4    17:25   0:00   5:55 
Slava Voynov             0  0  0   0  0   0  2  2  0  0  0/0    19:21   4:26   0:15 
Tuomo Ruutu              0  0  0   1  0   0  3  0  0  0  1/1    15:23   3:30   0:00 
Tyler Bozak              0  1  1   1  0   6  0  0  0  0  13/20  16:52   3:30   0:00 

3 Stars

1 - Maxime Daigneault (WIN)
2 - Cam Ward (NSH)
3 - Gustav Nyquist (WIN)

Power Play

Jets - 0 on 7 Attempt(s) - 0,00%
Predators - 0 on 4 Attempt(s) - 0,00%

Penalty Kill

Jets - 4 on 4 Attempt(s) - 100,00% - Score 0 goal in Penalty Kill
Predators - 7 on 7 Attempt(s) - 100,00% - Score 0 goal in Penalty Kill

Team Stat

Jets - Hits : 19 - Faceoff Wins : 29 - Blocked Shots : 17 - Penalty Minutes : 8
Predators - Hits : 20 - Faceoff Wins : 70 - Blocked Shots : 13 - Penalty Minutes : 14

Official

Referees : Ryan Hersey and Dan O'Rourke
Linesman : Johnathan Morrison and Brian Wasilewski

Game Notes

No Game Note

Finance

Level 1 -- Attendance: 3600 (60,00%) -- Ticket Income 792 000 $
Level 2 -- Attendance: 3000 (60,00%) -- Ticket Income 375 000 $
Level 3 -- Attendance: 1200 (60,00%) -- Ticket Income 96 000 $
Level 4 -- Attendance: 2400 (60,00%) -- Ticket Income 144 000 $
Luxury Box -- Attendance: 1000 (100,00%) -- Ticket Income 350 000 $
Game was played at the Gaylord Entertainment Center.
Total Attendance: 11200 (62,22%)
Total Ticket Income: 1 757 000 $
Other Income: 860 930 $
Total Income: 2 617 930 $

Jets

5 vs 5 Forward 
   Center                   Left Wing                Right Wing               Time % Phy DF OF 
 1 *Nico Hischier           Josh Bailey              Tyler Ennis              34     1   2  2  
 2 Sam Reinhart             Gustav Nyquist           Brent Aubin              28     1   2  2  
 3 Kyle MacKinnon           Pavel Vorobiev           Tomas Surovy             20     1   2  2  
 4 Andre Deveaux            Raffi Torres             Tomas Surovy             18     1   2  2  

5 vs 5 Defense 
   Defense                  Defense                                           Time % Phy DF OF 
 1 Marc-Edouard Vlasic      Ryan Ellis                                        40     1   2  2  
 2 Jake Muzzin              Trevor Van Riemsdyk                               30     1   2  2  
 3 Mark Fraser              Brett Kulak                                       20     1   2  2  
 4 Jake Muzzin              Brent Aubin                                       10     1   2  2  

PowerPlay Forward 
   Center                   Left Wing                Right Wing               Time % Phy DF OF 
 1 *Nico Hischier           Tomas Surovy             Tyler Ennis              60     1   2  2  
 2 Sam Reinhart             Gustav Nyquist           Brent Aubin              40     1   2  2  

PowerPlay Defense
   Defense                  Defense                                           Time % Phy DF OF 
 1 Brent Aubin              Jake Muzzin                                       60     1   2  2  
 2 Ryan Ellis               Marc-Edouard Vlasic                               40     1   2  2  

Penalty Kill 4 Players Forward 
   Center                   Wing                     Time % Phy DF OF 
 1 Tomas Surovy             *Nico Hischier           60     1   2  2  
 2 Andre Deveaux            Gustav Nyquist           40     1   2  2  

Penalty Kill 4 Players Defense
   Defense                  Defense                  Time % Phy DF OF 
 1 Brent Aubin              Jake Muzzin              60     1   2  2  
 2 Ryan Ellis               Marc-Edouard Vlasic      40     1   2  2  

Penalty Kill - 3 Players Forward 
   Forward                                           Time % Phy DF OF 
 1 Tomas Surovy                                      60     1   2  2  
 2 Gustav Nyquist                                    40     1   2  2  

Penalty Kill - 3 Players Defense
   Defense                  Defense                  Time % Phy DF OF 
 1 Brent Aubin              Jake Muzzin              60     1   2  2  
 2 Ryan Ellis               Marc-Edouard Vlasic      40     1   2  2  

4 vs 4 Forward 
   Center                   Wing                     Time % Phy DF OF 
 1 Tomas Surovy             Josh Bailey              60     1   2  2  
 2 *Nico Hischier           Gustav Nyquist           40     1   2  2  

4 vs 4 Defense
   Defense                  Defense                  Time % Phy DF OF 
 1 Brent Aubin              Jake Muzzin              60     1   2  2  
 2 Ryan Ellis               Marc-Edouard Vlasic      40     1   2  2  

Last Minutes Offensive
   Center                   Left Wing                Right Wing               Defense                  Defense                  
   Josh Bailey              Tomas Surovy             Tyler Ennis              Brent Aubin              Jake Muzzin              

Last Minutes Defensive
   Center                   Left Wing                Right Wing               Defense                  Defense                  
   Josh Bailey              Tomas Surovy             Tyler Ennis              Brent Aubin              Jake Muzzin              

Goaltenders
Starting : Maxime Daigneault        
Backup : Sergei Bobrovsky         

Extra Forwards
Normal : Kyle MacKinnon, *Nico Hischier, Andre Deveaux - PP : Kyle MacKinnon, *Nico Hischier - PK : Andre Deveaux
Extra Defensemen
Normal : Mark Fraser, Trevor Van Riemsdyk, Brett Kulak - PP : Mark Fraser - PK : Trevor Van Riemsdyk, Brett Kulak
Penalty Shots
Tomas Surovy, Brent Aubin, Kyle MacKinnon, Josh Bailey, Gustav Nyquist
Custom OT Lines Forwards
Tomas Surovy, Brent Aubin, Kyle MacKinnon, Josh Bailey, Gustav Nyquist, Pavel Vorobiev, Sam Reinhart, *Nico Hischier, Andre Deveaux, Raffi Torres
Custom OT Lines Defensemen
Brent Aubin, Jake Muzzin, Ryan Ellis, Marc-Edouard Vlasic, Mark Fraser

Scratches
Mike Fisher (Broken Nose Injury), Randall Gelech (Bruised Right Foot Injury)

Predators

5 vs 5 Forward 
   Center                   Left Wing                Right Wing               Time % Phy DF OF 
 1 Brandon Dubinsky         Ryan Callahan            Kyle Okposo              29     0   2  3  
 2 Tyler Bozak              Tuomo Ruutu              Nikita Filatov           28     0   2  3  
 3 Derek Roy                R.J. Umberger            Patrick Eaves            26     0   2  3  
 4 Boyd Gordon              Paul Byron               Lauri Korpikoski         17     0   3  2  

5 vs 5 Defense 
   Defense                  Defense                                           Time % Phy DF OF 
 1 Danny Dekeyser           Ladislav Smid                                     37     0   3  2  
 2 Slava Voynov             Brenden Dillon                                    35     0   3  2  
 3 Chris Harrington         Kevan Miller                                      28     0   4  1  
 4 Chris Harrington         Ladislav Smid                                     0      0   4  1  

PowerPlay Forward 
   Center                   Left Wing                Right Wing               Time % Phy DF OF 
 1 Brandon Dubinsky         Nikita Filatov           Kyle Okposo              50     0   0  5  
 2 Tyler Bozak              Derek Roy                Tuomo Ruutu              50     0   0  5  

PowerPlay Defense
   Defense                  Defense                                           Time % Phy DF OF 
 1 Slava Voynov             Brenden Dillon                                    50     0   1  4  
 2 Danny Dekeyser           Kevan Miller                                      50     0   1  4  

Penalty Kill 4 Players Forward 
   Center                   Wing                     Time % Phy DF OF 
 1 Derek Roy                Paul Byron               50     0   5  0  
 2 Boyd Gordon              Ryan Callahan            50     0   5  0  

Penalty Kill 4 Players Defense
   Defense                  Defense                  Time % Phy DF OF 
 1 Ladislav Smid            Kevan Miller             50     0   5  0  
 2 Danny Dekeyser           Brenden Dillon           50     0   5  0  

Penalty Kill - 3 Players Forward 
   Forward                                           Time % Phy DF OF 
 1 R.J. Umberger                                     50     0   5  0  
 2 Boyd Gordon                                       50     0   5  0  

Penalty Kill - 3 Players Defense
   Defense                  Defense                  Time % Phy DF OF 
 1 Ladislav Smid            Kevan Miller             50     0   5  0  
 2 Danny Dekeyser           Brenden Dillon           50     0   5  0  

4 vs 4 Forward 
   Center                   Wing                     Time % Phy DF OF 
 1 Derek Roy                Paul Byron               50     0   2  3  
 2 Boyd Gordon              Nikita Filatov           50     0   2  3  

4 vs 4 Defense
   Defense                  Defense                  Time % Phy DF OF 
 1 Slava Voynov             Brenden Dillon           50     0   2  3  
 2 Danny Dekeyser           Ladislav Smid            50     0   2  3  

Last Minutes Offensive
   Center                   Left Wing                Right Wing               Defense                  Defense                  
   Tyler Bozak              Tuomo Ruutu              Nikita Filatov           Slava Voynov             Danny Dekeyser           

Last Minutes Defensive
   Center                   Left Wing                Right Wing               Defense                  Defense                  
   Derek Roy                R.J. Umberger            Ryan Callahan            Ladislav Smid            Brenden Dillon           

Goaltenders
Starting : Cam Ward                 
Backup : Peter Budaj              

Extra Forwards
Normal : Derek Roy, Tuomo Ruutu, Tyler Bozak - PP : Ryan Callahan, Patrick Eaves - PK : R.J. Umberger
Extra Defensemen
Normal : Brenden Dillon, Ladislav Smid, Slava Voynov - PP : Chris Harrington - PK : Danny Dekeyser, Ladislav Smid
Penalty Shots
Tuomo Ruutu, Ryan Callahan, Kyle Okposo, Tyler Bozak, Derek Roy
Custom OT Lines Forwards
Tyler Bozak, Nikita Filatov, Brandon Dubinsky, Kyle Okposo, Derek Roy, Ryan Callahan, R.J. Umberger, Tuomo Ruutu, Boyd Gordon, Paul Byron
Custom OT Lines Defensemen
Slava Voynov, Brenden Dillon, Ladislav Smid, Danny Dekeyser, Kevan Miller

Scratches
Johnny Boychuck (Chest/Ribs Injury)

% Time on Ice - Jets

Lines # - Real PCT - Wanted PCT - Time Play
Normal Forward
1 - 36% - 34% - 14:33
2 - 24% - 28% - 9:48
3 - 21% - 20% - 8:26
4 - 18% - 18% - 7:18
Normal Defense
1 - 37% - 40% - 14:52
2 - 29% - 30% - 11:43
3 - 31% - 20% - 12:28
4 - 3% - 10% - 1:02
PP Forward
1 - 40% - 60% - 4:51
2 - 60% - 40% - 7:08
PP Defense
1 - 56% - 60% - 6:43
2 - 44% - 40% - 5:16
PK Forward
1 - 67% - 60% - 5:17
2 - 33% - 40% - 2:39
PK Defense
1 - 54% - 60% - 4:19
2 - 46% - 40% - 3:37
PK3 Forward
1 - 0% - 60%
2 - 0% - 40%
PK3 Defense
1 - 0% - 60%
2 - 0% - 40%
44 Forward
1 - 64% - 60% - 1:13
2 - 36% - 40% - 0:41
44 Defense
1 - 64% - 60% - 1:13
2 - 36% - 40% - 0:41
Last Minute Offensive  - 0:00
Last Minute Defensive  - 0:00
Total
Forward - 61:54
Defense - 61:54

% Time on Ice - Predators

Lines # - Real PCT - Wanted PCT - Time Play
Normal Forward
1 - 28% - 29% - 11:16
2 - 30% - 28% - 11:53
3 - 27% - 26% - 10:42
4 - 16% - 17% - 6:14
Normal Defense
1 - 30% - 37% - 11:51
2 - 33% - 35% - 13:16
3 - 26% - 28% - 10:33
4 - 11% - 0% - 4:25
PP Forward
1 - 56% - 50% - 4:26
2 - 44% - 50% - 3:30
PP Defense
1 - 56% - 50% - 4:26
2 - 44% - 50% - 3:30
PK Forward
1 - 51% - 50% - 6:04
2 - 49% - 50% - 5:55
PK Defense
1 - 50% - 50% - 6:03
2 - 50% - 50% - 5:56
PK3 Forward
1 - 46% - 50% - 0:53
2 - 54% - 50% - 1:01
PK3 Defense
1 - 46% - 50% - 0:53
2 - 54% - 50% - 1:01
44 Forward
1 - 0% - 50%
2 - 0% - 50%
44 Defense
1 - 0% - 50%
2 - 0% - 50%
Last Minute Offensive  - 0:00
Last Minute Defensive  - 0:00
Total
Forward - 61:54
Defense - 61:54

Play by Play

1st period


0:01 of 1st period - *Nico Hischier wins face-off versus Ryan Callahan in neutral zone.
0:37 of 1st period - Shot by Brandon Dubinsky.
0:37 of 1st period - Stopped by Maxime Daigneault without a rebound.
0:38 of 1st period - Tyler Bozak wins face-off versus Sam Reinhart in Jets zone.
1:34 of 1st period - Shot by Patrick Eaves.
1:34 of 1st period - Deflect By Derek Roy.
1:34 of 1st period - Stopped by Maxime Daigneault without a rebound.
1:35 of 1st period - Kyle MacKinnon wins face-off versus Derek Roy in Jets zone.
2:06 of 1st period - Minor Penalty to Mark Fraser for Hooking.
2:07 of 1st period - Brandon Dubinsky wins face-off versus Tomas Surovy in Jets zone.
2:20 of 1st period - Shot by Slava Voynov.
2:20 of 1st period - Shot Blocked by Ryan Ellis.
2:22 of 1st period - Shot by Slava Voynov.
2:22 of 1st period - Deflect By Nikita Filatov.
2:22 of 1st period - Shot Blocked by Marc-Edouard Vlasic.
3:02 of 1st period - Brent Aubin is hit by Derek Roy and loses puck.
3:09 of 1st period - Shot by Danny Dekeyser.
3:09 of 1st period - Shot Misses the Net.
3:11 of 1st period - Shot by Tuomo Ruutu.
3:11 of 1st period - Deflect By Derek Roy.
3:11 of 1st period - Shot Blocked by Jake Muzzin.
3:13 of 1st period - Shot by Tyler Bozak.
3:13 of 1st period - Stopped by Maxime Daigneault with a rebound.
3:15 of 1st period - Shot by Danny Dekeyser.
3:15 of 1st period - Shot Misses the Net.
3:17 of 1st period - Shot by Derek Roy.
3:17 of 1st period - Shot Misses the Net.
3:53 of 1st period - Shot by Nikita Filatov.
3:53 of 1st period - Shot Misses the Net.
4:12 of 1st period - Shot by Boyd Gordon.
4:12 of 1st period - Shot Misses the Net.
4:14 of 1st period - Shot by Ladislav Smid.
4:14 of 1st period - Shot Misses the Net.
5:22 of 1st period - Slava Voynov is hit by Tomas Surovy and loses puck.
5:46 of 1st period - Icing by Trevor Van Riemsdyk.
5:47 of 1st period - Ryan Callahan wins face-off versus Sam Reinhart in Jets zone.
5:52 of 1st period - Shot by Kyle Okposo.
5:52 of 1st period - Stopped by Maxime Daigneault without a rebound.
5:53 of 1st period - Brandon Dubinsky wins face-off versus *Nico Hischier in Jets zone.
6:08 of 1st period - Shot by Brandon Dubinsky.
6:08 of 1st period - Deflect By Ryan Callahan.
6:08 of 1st period - Shot Misses the Net.
6:24 of 1st period - Shot by Ryan Callahan.
6:24 of 1st period - Stopped by Maxime Daigneault without a rebound.
6:25 of 1st period - Tyler Bozak wins face-off versus Sam Reinhart in Jets zone.
6:33 of 1st period - Off-side.
6:34 of 1st period - Andre Deveaux wins face-off versus Tyler Bozak in neutral zone.
6:34 of 1st period - Marc-Edouard Vlasic is hit by Tuomo Ruutu and loses puck.
6:45 of 1st period - Shot by Marc-Edouard Vlasic.
6:45 of 1st period - Stopped by Cam Ward with a rebound.
7:00 of 1st period - Icing by Slava Voynov.
7:01 of 1st period - Tyler Bozak wins face-off versus Sam Reinhart in Predators zone.
7:18 of 1st period - Shot by Brent Aubin.
7:18 of 1st period - Stopped by Cam Ward without a rebound.
7:19 of 1st period - Brandon Dubinsky wins face-off versus *Nico Hischier in Predators zone.
7:32 of 1st period - Shot by Brandon Dubinsky.
7:32 of 1st period - Deflect By Ryan Callahan.
7:32 of 1st period - Stopped by Maxime Daigneault without a rebound.
7:33 of 1st period - Derek Roy wins face-off versus Andre Deveaux in Jets zone.
7:36 of 1st period - Shot by Kevan Miller.
7:36 of 1st period - Stopped by Maxime Daigneault without a rebound.
7:37 of 1st period - Derek Roy wins face-off versus Andre Deveaux in Jets zone.
8:30 of 1st period - Icing by Derek Roy.
8:31 of 1st period - Derek Roy wins face-off versus *Nico Hischier in Predators zone.
8:31 of 1st period - Derek Roy is hit by Tyler Ennis.
8:54 of 1st period - Tyler Ennis is hit by Kevan Miller and loses puck.
9:00 of 1st period - Minor Penalty to Kevan Miller for Hooking.
9:01 of 1st period - Boyd Gordon wins face-off versus Sam Reinhart in Predators zone.
9:16 of 1st period - Shot by Brent Aubin.
9:16 of 1st period - Shot Misses the Net.
9:18 of 1st period - Shot by Brent Aubin.
9:18 of 1st period - Shot Misses the Net.
9:20 of 1st period - Shot by Gustav Nyquist.
9:20 of 1st period - Stopped by Cam Ward without a rebound.
9:21 of 1st period - Boyd Gordon wins face-off versus *Nico Hischier in Predators zone.
11:56 of 1st period - Icing by Ryan Callahan.
11:57 of 1st period - Ryan Callahan wins face-off versus *Nico Hischier in Predators zone.
12:10 of 1st period - Shot by Kyle Okposo.
12:10 of 1st period - Stopped by Maxime Daigneault without a rebound.
12:11 of 1st period - Boyd Gordon wins face-off versus Sam Reinhart in Jets zone.
12:36 of 1st period - Shot by Lauri Korpikoski.
12:36 of 1st period - Stopped by Maxime Daigneault without a rebound.
12:37 of 1st period - Brandon Dubinsky wins face-off versus *Nico Hischier in Jets zone.
13:15 of 1st period - Kyle Okposo is hit by Jake Muzzin and loses puck.
14:16 of 1st period - Icing by Marc-Edouard Vlasic.
14:17 of 1st period - Derek Roy wins face-off versus Sam Reinhart in Jets zone.
14:17 of 1st period - Derek Roy is hit by Ryan Ellis.
14:37 of 1st period - Shot by Patrick Eaves.
14:37 of 1st period - Stopped by Maxime Daigneault without a rebound.
14:38 of 1st period - Kyle MacKinnon wins face-off versus Brandon Dubinsky in Jets zone.
14:45 of 1st period - Shot by Pavel Vorobiev.
14:45 of 1st period - Shot Misses the Net.
15:12 of 1st period - Shot by Brandon Dubinsky.
15:12 of 1st period - Stopped by Maxime Daigneault without a rebound.
15:13 of 1st period - Boyd Gordon wins face-off versus Sam Reinhart in Jets zone.
15:25 of 1st period - Icing by Ryan Ellis.
15:26 of 1st period - Tyler Bozak wins face-off versus Sam Reinhart in Jets zone.
15:29 of 1st period - Shot by Nikita Filatov.
15:29 of 1st period - Deflect By Tyler Bozak.
15:29 of 1st period - Stopped by Maxime Daigneault without a rebound.
15:30 of 1st period - Brandon Dubinsky wins face-off versus Sam Reinhart in Jets zone.
16:09 of 1st period - Shot by Gustav Nyquist.
16:09 of 1st period - Goal by Gustav Nyquist - Jets : 1 - Predators : 0.
16:10 of 1st period - Tuomo Ruutu wins face-off versus Kyle MacKinnon in neutral zone.
16:41 of 1st period - Shot by Tuomo Ruutu.
16:41 of 1st period - Deflect By Nikita Filatov.
16:41 of 1st period - Stopped by Maxime Daigneault without a rebound.
16:42 of 1st period - Derek Roy wins face-off versus *Nico Hischier in Jets zone.
17:05 of 1st period - Shot by Josh Bailey.
17:05 of 1st period - Stopped by Cam Ward without a rebound.
17:06 of 1st period - Boyd Gordon wins face-off versus Gustav Nyquist in Predators zone.
17:13 of 1st period - Off-side.
17:14 of 1st period - Boyd Gordon wins face-off versus Andre Deveaux in neutral zone.
17:21 of 1st period - Shot by Paul Byron.
17:21 of 1st period - Shot Misses the Net.
18:21 of 1st period - Shot by *Nico Hischier.
18:21 of 1st period - Deflect By Tyler Ennis.
18:21 of 1st period - Stopped by Cam Ward without a rebound.
18:22 of 1st period - Tyler Bozak wins face-off versus *Nico Hischier in Predators zone.
19:00 of 1st period - Icing by Chris Harrington.
19:01 of 1st period - Tyler Bozak wins face-off versus Gustav Nyquist in Predators zone.
19:05 of 1st period - Tuomo Ruutu is hit by Brent Aubin and loses puck.
19:17 of 1st period - Gustav Nyquist is hit by Kevan Miller.
19:25 of 1st period - Shot by Gustav Nyquist.
19:25 of 1st period - Stopped by Cam Ward without a rebound.
19:26 of 1st period - Brandon Dubinsky wins face-off versus Kyle MacKinnon in Predators zone.
19:34 of 1st period - Icing by Jake Muzzin.
19:35 of 1st period - Brandon Dubinsky wins face-off versus Kyle MacKinnon in Jets zone.
19:36 of 1st period - Shot by Kyle Okposo.
19:36 of 1st period - Stopped by Maxime Daigneault without a rebound.
19:37 of 1st period - Brandon Dubinsky wins face-off versus Kyle MacKinnon in Jets zone.
19:39 of 1st period - Minor Penalty to Ryan Ellis for Hooking.
19:40 of 1st period - Tomas Surovy wins face-off versus Brandon Dubinsky in Jets zone.
19:40 of 1st period - Tomas Surovy is hit by Brandon Dubinsky.
19:49 of 1st period - Off-side.
19:50 of 1st period - Tyler Bozak wins face-off versus Tomas Surovy in neutral zone.
Goals for this period are 1 for Jets vs 0 for Predators.
Shots for this period are 7 for Jets vs 14 for Predators.

2nd period


0:01 of 2nd period - Tyler Bozak wins face-off versus Tomas Surovy in neutral zone.
0:14 of 2nd period - Marc-Edouard Vlasic is hit by Tuomo Ruutu.
0:17 of 2nd period - Trevor Van Riemsdyk is hit by Kevan Miller and loses puck.
1:00 of 2nd period - Off-side.
1:01 of 2nd period - Brandon Dubinsky wins face-off versus Tomas Surovy in neutral zone.
1:17 of 2nd period - Marc-Edouard Vlasic is hit by Brandon Dubinsky and loses puck.
1:30 of 2nd period - Shot by Brenden Dillon.
1:30 of 2nd period - Shot Blocked by Gustav Nyquist.
1:32 of 2nd period - Shot by Nikita Filatov.
1:32 of 2nd period - Deflect By Kyle Okposo.
1:32 of 2nd period - Shot Blocked by Trevor Van Riemsdyk.
1:34 of 2nd period - Shot by Brenden Dillon.
1:34 of 2nd period - Shot Blocked by Marc-Edouard Vlasic.
1:55 of 2nd period - Minor Penalty to Mark Fraser for Hooking.
1:56 of 2nd period - Tyler Bozak wins face-off versus Tomas Surovy in Jets zone.
1:57 of 2nd period - Shot by Derek Roy.
1:57 of 2nd period - Stopped by Maxime Daigneault without a rebound.
1:58 of 2nd period - Tomas Surovy wins face-off versus Tyler Bozak in Jets zone.
2:15 of 2nd period - Tomas Surovy is hit by Derek Roy.
2:31 of 2nd period - Shot by Tyler Bozak.
2:31 of 2nd period - Shot Misses the Net.
3:29 of 2nd period - Shot by Nikita Filatov.
3:29 of 2nd period - Shot Misses the Net.
3:31 of 2nd period - Shot by Kyle Okposo.
3:31 of 2nd period - Stopped by Maxime Daigneault without a rebound.
3:32 of 2nd period - Tyler Bozak wins face-off versus Tomas Surovy in Jets zone.
3:45 of 2nd period - Shot by Tyler Bozak.
3:45 of 2nd period - Stopped by Maxime Daigneault without a rebound.
3:46 of 2nd period - Tomas Surovy wins face-off versus Brandon Dubinsky in Jets zone.
3:57 of 2nd period - Shot by Brandon Dubinsky.
3:57 of 2nd period - Stopped by Maxime Daigneault with a rebound.
4:55 of 2nd period - Off-side.
4:56 of 2nd period - Kyle MacKinnon wins face-off versus Brandon Dubinsky in neutral zone.
5:50 of 2nd period - Icing by Slava Voynov.
5:51 of 2nd period - Brandon Dubinsky wins face-off versus Sam Reinhart in Predators zone.
5:58 of 2nd period - Icing by Trevor Van Riemsdyk.
5:59 of 2nd period - Derek Roy wins face-off versus Sam Reinhart in Jets zone.
6:14 of 2nd period - Shot by Patrick Eaves.
6:14 of 2nd period - Deflect By Derek Roy.
6:14 of 2nd period - Shot Misses the Net.
6:16 of 2nd period - Shot by Derek Roy.
6:16 of 2nd period - Deflect By Patrick Eaves.
6:16 of 2nd period - Shot Misses the Net.
6:18 of 2nd period - Shot by Ladislav Smid.
6:18 of 2nd period - Stopped by Maxime Daigneault without a rebound.
6:19 of 2nd period - Tyler Bozak wins face-off versus *Nico Hischier in Jets zone.
6:49 of 2nd period - Icing by Brett Kulak.
6:50 of 2nd period - Derek Roy wins face-off versus *Nico Hischier in Jets zone.
6:53 of 2nd period - Shot by R.J. Umberger.
6:53 of 2nd period - Deflect By Patrick Eaves.
6:53 of 2nd period - Shot Blocked by *Nico Hischier.
7:03 of 2nd period - Shot by Josh Bailey.
7:03 of 2nd period - Shot Blocked by R.J. Umberger.
7:05 of 2nd period - Shot by Tyler Ennis.
7:05 of 2nd period - Shot Misses the Net.
8:29 of 2nd period - Tomas Surovy is hit by Brenden Dillon and loses puck.
8:41 of 2nd period - Tomas Surovy is hit by Brenden Dillon.
8:44 of 2nd period - Minor Penalty to Brenden Dillon for Hooking.
8:45 of 2nd period - *Nico Hischier wins face-off versus Boyd Gordon in Predators zone.
8:52 of 2nd period - Shot by *Nico Hischier.
8:52 of 2nd period - Shot Misses the Net.
8:54 of 2nd period - Shot by Jake Muzzin.
8:54 of 2nd period - Shot Blocked by Boyd Gordon.
8:56 of 2nd period - Shot by Tyler Ennis.
8:56 of 2nd period - Stopped by Cam Ward with a rebound.
10:18 of 2nd period - Shot by Mark Fraser.
10:18 of 2nd period - Shot Misses the Net.
10:20 of 2nd period - Shot by Gustav Nyquist.
10:20 of 2nd period - Shot Misses the Net.
10:34 of 2nd period - Shot by Ryan Ellis.
10:34 of 2nd period - Shot Blocked by Chris Harrington.
10:36 of 2nd period - Shot by Josh Bailey.
10:36 of 2nd period - Shot Blocked by Slava Voynov.
10:38 of 2nd period - Shot by Marc-Edouard Vlasic.
10:38 of 2nd period - Shot Misses the Net.
10:40 of 2nd period - Shot by Ryan Ellis.
10:40 of 2nd period - Shot Blocked by Boyd Gordon.
10:42 of 2nd period - Shot by Marc-Edouard Vlasic.
10:42 of 2nd period - Stopped by Cam Ward without a rebound.
10:43 of 2nd period - Kyle MacKinnon wins face-off versus Boyd Gordon in Predators zone.
10:45 of 2nd period - Sam Reinhart is hit by Slava Voynov and loses puck.
11:00 of 2nd period - Shot by Nikita Filatov.
11:00 of 2nd period - Stopped by Maxime Daigneault without a rebound.
11:01 of 2nd period - Tyler Bozak wins face-off versus Sam Reinhart in Jets zone.
11:02 of 2nd period - Shot by Nikita Filatov.
11:02 of 2nd period - Shot Misses the Net.
11:04 of 2nd period - Shot by Chris Harrington.
11:04 of 2nd period - Shot Blocked by Brent Aubin.
11:19 of 2nd period - Shot by Tyler Bozak.
11:19 of 2nd period - Shot Misses the Net.
11:21 of 2nd period - Shot by Tuomo Ruutu.
11:21 of 2nd period - Shot Blocked by Jake Muzzin.
11:23 of 2nd period - Shot by Nikita Filatov.
11:23 of 2nd period - Shot Misses the Net.
12:19 of 2nd period - Shot by Tyler Ennis.
12:19 of 2nd period - Shot Blocked by Brenden Dillon.
12:41 of 2nd period - Shot by Pavel Vorobiev.
12:41 of 2nd period - Stopped by Cam Ward with a rebound.
12:43 of 2nd period - Shot by Marc-Edouard Vlasic.
12:43 of 2nd period - Shot Blocked by Slava Voynov.
12:45 of 2nd period - Shot by Tomas Surovy.
12:45 of 2nd period - Stopped by Cam Ward without a rebound.
12:46 of 2nd period - Boyd Gordon wins face-off versus Andre Deveaux in Predators zone.
12:46 of 2nd period - Boyd Gordon is hit by Raffi Torres.
13:10 of 2nd period - Icing by Danny Dekeyser.
13:11 of 2nd period - Boyd Gordon wins face-off versus Kyle MacKinnon in Predators zone.
13:22 of 2nd period - Shot by Trevor Van Riemsdyk.
13:22 of 2nd period - Stopped by Cam Ward without a rebound.
13:23 of 2nd period - *Nico Hischier wins face-off versus Derek Roy in Predators zone.
13:23 of 2nd period - *Nico Hischier is hit by Kevan Miller.
13:28 of 2nd period - Minor Penalty to Derek Roy for Holding.
13:29 of 2nd period - Sam Reinhart wins face-off versus R.J. Umberger in Predators zone.
13:32 of 2nd period - Shot by Ryan Ellis.
13:32 of 2nd period - Stopped by Cam Ward without a rebound.
13:33 of 2nd period - R.J. Umberger wins face-off versus Tyler Ennis in Predators zone.
14:00 of 2nd period - Ryan Callahan is hit by Tomas Surovy and loses puck.
14:14 of 2nd period - Off-side.
14:15 of 2nd period - R.J. Umberger wins face-off versus Sam Reinhart in neutral zone.
14:24 of 2nd period - Shot by Ryan Ellis.
14:24 of 2nd period - Shot Misses the Net.
14:26 of 2nd period - Shot by Ryan Ellis.
14:26 of 2nd period - Shot Blocked by Boyd Gordon.
14:28 of 2nd period - Shot by Gustav Nyquist.
14:28 of 2nd period - Stopped by Cam Ward without a rebound.
14:29 of 2nd period - R.J. Umberger wins face-off versus Sam Reinhart in Predators zone.
14:29 of 2nd period - R.J. Umberger is hit by Brent Aubin.
14:40 of 2nd period - Ryan Ellis is hit by Ryan Callahan and loses puck.
15:33 of 2nd period - Icing by Nikita Filatov.
15:34 of 2nd period - Kyle MacKinnon wins face-off versus Tyler Bozak in Predators zone.
15:49 of 2nd period - Shot by Tyler Bozak.
15:49 of 2nd period - Stopped by Maxime Daigneault with a rebound.
16:01 of 2nd period - Shot by Nikita Filatov.
16:01 of 2nd period - Shot Misses the Net.
16:30 of 2nd period - Minor Penalty to Derek Roy for Roughing.
16:31 of 2nd period - R.J. Umberger wins face-off versus Sam Reinhart in Predators zone.
17:40 of 2nd period - Shot by Jake Muzzin.
17:40 of 2nd period - Stopped by Cam Ward with a rebound.
17:46 of 2nd period - Shot by Tomas Surovy.
17:46 of 2nd period - Stopped by Cam Ward without a rebound.
17:47 of 2nd period - R.J. Umberger wins face-off versus Sam Reinhart in Predators zone.
18:17 of 2nd period - Shot by R.J. Umberger.
18:17 of 2nd period - Shot Misses the Net.
18:32 of 2nd period - Icing by Danny Dekeyser.
18:33 of 2nd period - Tyler Bozak wins face-off versus *Nico Hischier in Predators zone.
18:33 of 2nd period - Tuomo Ruutu is hit by Tyler Ennis and loses puck.
18:47 of 2nd period - Trevor Van Riemsdyk is hit by Tuomo Ruutu and loses puck.
18:52 of 2nd period - Shot by Tyler Bozak.
18:52 of 2nd period - Shot Misses the Net.
18:54 of 2nd period - Shot by Tyler Bozak.
18:54 of 2nd period - Stopped by Maxime Daigneault with a rebound.
18:58 of 2nd period - Shot by Tuomo Ruutu.
18:58 of 2nd period - Shot Misses the Net.
19:02 of 2nd period - Shot by Nikita Filatov.
19:02 of 2nd period - Deflect By Tyler Bozak.
19:02 of 2nd period - Stopped by Maxime Daigneault with a rebound.
19:04 of 2nd period - Shot by Nikita Filatov.
19:04 of 2nd period - Shot Misses the Net.
19:06 of 2nd period - Shot by Nikita Filatov.
19:06 of 2nd period - Goal by Nikita Filatov - Jets : 1 - Predators : 1.
19:07 of 2nd period - Derek Roy wins face-off versus Tomas Surovy in neutral zone.
19:12 of 2nd period - Mark Fraser is hit by Derek Roy and loses puck.
19:31 of 2nd period - Shot by Tomas Surovy.
19:31 of 2nd period - Deflect By Andre Deveaux.
19:31 of 2nd period - Stopped by Cam Ward without a rebound.
19:32 of 2nd period - Kyle MacKinnon wins face-off versus Brandon Dubinsky in Predators zone.
Goals for this period are 0 for Jets vs 1 for Predators.
Shots for this period are 10 for Jets vs 10 for Predators.

3rd period


0:01 of 3rd period - *Nico Hischier wins face-off versus Derek Roy in neutral zone.
0:01 of 3rd period - Tyler Ennis is hit by Derek Roy and loses puck.
0:14 of 3rd period - Shot by Derek Roy.
0:14 of 3rd period - Shot Blocked by Ryan Ellis.
0:20 of 3rd period - Shot by Derek Roy.
0:20 of 3rd period - Deflect By Patrick Eaves.
0:20 of 3rd period - Shot Misses the Net.
1:26 of 3rd period - Shot by Kyle Okposo.
1:26 of 3rd period - Stopped by Maxime Daigneault with a rebound.
1:28 of 3rd period - Shot by Brenden Dillon.
1:28 of 3rd period - Stopped by Maxime Daigneault with a rebound.
1:30 of 3rd period - Shot by Ryan Callahan.
1:30 of 3rd period - Deflect By Kyle Okposo.
1:30 of 3rd period - Stopped by Maxime Daigneault without a rebound.
1:31 of 3rd period - Sam Reinhart wins face-off versus Tyler Bozak in Jets zone.
1:38 of 3rd period - Shot by Gustav Nyquist.
1:38 of 3rd period - Shot Hit the Post.
1:40 of 3rd period - Shot by Gustav Nyquist.
1:40 of 3rd period - Stopped by Cam Ward with a rebound.
1:42 of 3rd period - Shot by Brent Aubin.
1:42 of 3rd period - Shot Blocked by Chris Harrington.
2:14 of 3rd period - Shot by Brent Aubin.
2:14 of 3rd period - Shot Misses the Net.
2:31 of 3rd period - Minor Penalty to Ladislav Smid for Holding.
2:32 of 3rd period - Boyd Gordon wins face-off versus Sam Reinhart in Predators zone.
2:38 of 3rd period - Icing by Brent Aubin.
2:39 of 3rd period - Sam Reinhart wins face-off versus Boyd Gordon in Jets zone.
2:39 of 3rd period - Sam Reinhart is hit by Ryan Callahan.
3:46 of 3rd period - Shot by *Nico Hischier.
3:46 of 3rd period - Stopped by Cam Ward without a rebound.
3:47 of 3rd period - *Nico Hischier wins face-off versus Boyd Gordon in Predators zone.
4:06 of 3rd period - Shot by Marc-Edouard Vlasic.
4:06 of 3rd period - Stopped by Cam Ward without a rebound.
4:07 of 3rd period - Derek Roy wins face-off versus Sam Reinhart in Predators zone.
4:07 of 3rd period - Derek Roy is hit by Tomas Surovy.
5:16 of 3rd period - Nikita Filatov is hit by Andre Deveaux and loses puck.
5:24 of 3rd period - Icing by Chris Harrington.
5:25 of 3rd period - Nikita Filatov wins face-off versus *Nico Hischier in Predators zone.
5:25 of 3rd period - Nikita Filatov is hit by Josh Bailey.
6:38 of 3rd period - Shot by R.J. Umberger.
6:38 of 3rd period - Stopped by Maxime Daigneault with a rebound.
6:40 of 3rd period - Shot by Danny Dekeyser.
6:40 of 3rd period - Stopped by Maxime Daigneault without a rebound.
6:41 of 3rd period - Boyd Gordon wins face-off versus Sam Reinhart in Jets zone.
6:41 of 3rd period - Boyd Gordon is hit by Ryan Ellis.
6:57 of 3rd period - Shot by Gustav Nyquist.
6:57 of 3rd period - Stopped by Cam Ward without a rebound.
6:58 of 3rd period - Derek Roy wins face-off versus Andre Deveaux in Predators zone.
7:39 of 3rd period - Minor Penalty to Mark Fraser for Hooking.
7:40 of 3rd period - Brandon Dubinsky wins face-off versus Tomas Surovy in Jets zone.
7:40 of 3rd period - Brandon Dubinsky is hit by Ryan Ellis.
7:50 of 3rd period - Shot by Brandon Dubinsky.
7:50 of 3rd period - Shot Blocked by Ryan Ellis.
7:52 of 3rd period - Shot by Brandon Dubinsky.
7:52 of 3rd period - Stopped by Maxime Daigneault without a rebound.
7:53 of 3rd period - Brandon Dubinsky wins face-off versus Tomas Surovy in Jets zone.
8:09 of 3rd period - Icing by Kyle Okposo.
8:10 of 3rd period - Tomas Surovy wins face-off versus Brandon Dubinsky in Predators zone.
8:13 of 3rd period - Shot by Brent Aubin.
8:13 of 3rd period - Stopped by Cam Ward without a rebound.
8:14 of 3rd period - *Nico Hischier wins face-off versus Tyler Bozak in Predators zone.
8:44 of 3rd period - Shot by Danny Dekeyser.
8:44 of 3rd period - Stopped by Maxime Daigneault without a rebound.
8:45 of 3rd period - Andre Deveaux wins face-off versus Brandon Dubinsky in Jets zone.
9:50 of 3rd period - Shot by Paul Byron.
9:50 of 3rd period - Deflect By Lauri Korpikoski.
9:50 of 3rd period - Shot Misses the Net.
9:52 of 3rd period - Shot by Danny Dekeyser.
9:52 of 3rd period - Shot Blocked by Marc-Edouard Vlasic.
9:54 of 3rd period - Shot by Boyd Gordon.
9:54 of 3rd period - Shot Misses the Net.
9:56 of 3rd period - Shot by Lauri Korpikoski.
9:56 of 3rd period - Shot Misses the Net.
9:58 of 3rd period - Shot by Ladislav Smid.
9:58 of 3rd period - Shot Misses the Net.
10:22 of 3rd period - Shot by Paul Byron.
10:22 of 3rd period - Stopped by Maxime Daigneault without a rebound.
10:23 of 3rd period - Derek Roy wins face-off versus *Nico Hischier in Jets zone.
10:24 of 3rd period - Shot by Chris Harrington.
10:24 of 3rd period - Stopped by Maxime Daigneault with a rebound.
10:31 of 3rd period - Derek Roy is hit by Mark Fraser and loses puck.
10:38 of 3rd period - Shot by Derek Roy.
10:38 of 3rd period - Stopped by Maxime Daigneault with a rebound.
10:40 of 3rd period - Shot by Derek Roy.
10:40 of 3rd period - Stopped by Maxime Daigneault without a rebound.
10:41 of 3rd period - Ryan Callahan wins face-off versus Sam Reinhart in Jets zone.
10:44 of 3rd period - Shot by Kyle Okposo.
10:44 of 3rd period - Stopped by Maxime Daigneault without a rebound.
10:45 of 3rd period - Sam Reinhart wins face-off versus Brandon Dubinsky in Jets zone.
10:58 of 3rd period - Shot by Ryan Callahan.
10:58 of 3rd period - Stopped by Maxime Daigneault without a rebound.
10:59 of 3rd period - Derek Roy wins face-off versus *Nico Hischier in Jets zone.
11:02 of 3rd period - Shot by Patrick Eaves.
11:02 of 3rd period - Shot Misses the Net.
11:09 of 3rd period - Icing by Ryan Ellis.
11:10 of 3rd period - Brandon Dubinsky wins face-off versus *Nico Hischier in Jets zone.
11:13 of 3rd period - Shot by Kyle Okposo.
11:13 of 3rd period - Shot Blocked by Tyler Ennis.
12:01 of 3rd period - Icing by Kyle Okposo.
12:02 of 3rd period - Brandon Dubinsky wins face-off versus Sam Reinhart in Predators zone.
12:16 of 3rd period - Icing by Brenden Dillon.
12:17 of 3rd period - Brandon Dubinsky wins face-off versus Andre Deveaux in Predators zone.
12:17 of 3rd period - Brandon Dubinsky is hit by Andre Deveaux.
12:41 of 3rd period - Shot by Derek Roy.
12:41 of 3rd period - Shot Misses the Net.
12:43 of 3rd period - Shot by R.J. Umberger.
12:43 of 3rd period - Shot Misses the Net.
13:02 of 3rd period - Minor Penalty to Derek Roy for Tripping.
13:03 of 3rd period - Sam Reinhart wins face-off versus Boyd Gordon in Predators zone.
13:04 of 3rd period - Shot by Brent Aubin.
13:04 of 3rd period - Shot Blocked by Boyd Gordon.
13:42 of 3rd period - Shot by Jake Muzzin.
13:42 of 3rd period - Shot Blocked by Brenden Dillon.
14:28 of 3rd period - Icing by Sam Reinhart.
14:29 of 3rd period - R.J. Umberger wins face-off versus Sam Reinhart in Jets zone.
15:05 of 3rd period - Shot by Tyler Bozak.
15:05 of 3rd period - Shot Misses the Net.
15:15 of 3rd period - Shot by Tyler Bozak.
15:15 of 3rd period - Shot Blocked by Mark Fraser.
15:21 of 3rd period - Shot by Nikita Filatov.
15:21 of 3rd period - Stopped by Maxime Daigneault without a rebound.
15:22 of 3rd period - Derek Roy wins face-off versus *Nico Hischier in Jets zone.
15:25 of 3rd period - Shot by R.J. Umberger.
15:25 of 3rd period - Stopped by Maxime Daigneault without a rebound.
15:26 of 3rd period - *Nico Hischier wins face-off versus Tyler Bozak in Jets zone.
15:51 of 3rd period - Shot by Tyler Ennis.
15:51 of 3rd period - Stopped by Cam Ward without a rebound.
15:52 of 3rd period - Andre Deveaux wins face-off versus Derek Roy in Predators zone.
15:55 of 3rd period - Shot by Tomas Surovy.
15:55 of 3rd period - Stopped by Cam Ward without a rebound.
15:56 of 3rd period - Derek Roy wins face-off versus Andre Deveaux in Predators zone.
16:18 of 3rd period - Shot by Andre Deveaux.
16:18 of 3rd period - Stopped by Cam Ward without a rebound.
16:19 of 3rd period - Brandon Dubinsky wins face-off versus *Nico Hischier in Predators zone.
16:42 of 3rd period - Shot by *Nico Hischier.
16:42 of 3rd period - Stopped by Cam Ward with a rebound.
16:44 of 3rd period - Shot by Ryan Ellis.
16:44 of 3rd period - Shot Misses the Net.
16:46 of 3rd period - Shot by Josh Bailey.
16:46 of 3rd period - Shot Misses the Net.
16:48 of 3rd period - Shot by Marc-Edouard Vlasic.
16:48 of 3rd period - Stopped by Cam Ward with a rebound.
16:50 of 3rd period - Shot by *Nico Hischier.
16:50 of 3rd period - Shot Misses the Net.
16:52 of 3rd period - Shot by Ryan Ellis.
16:52 of 3rd period - Shot Misses the Net.
16:54 of 3rd period - Shot by *Nico Hischier.
16:54 of 3rd period - Shot Misses the Net.
16:56 of 3rd period - Shot by Tyler Ennis.
16:56 of 3rd period - Stopped by Cam Ward without a rebound.
16:57 of 3rd period - Derek Roy wins face-off versus Andre Deveaux in Predators zone.
16:57 of 3rd period - Derek Roy is hit by Andre Deveaux.
17:17 of 3rd period - Shot by Tomas Surovy.
17:17 of 3rd period - Shot Hit the Post.
17:23 of 3rd period - Shot by Raffi Torres.
17:23 of 3rd period - Stopped by Cam Ward without a rebound.
17:24 of 3rd period - Sam Reinhart wins face-off versus Tyler Bozak in Predators zone.
17:24 of 3rd period - Sam Reinhart is hit by Kevan Miller.
17:40 of 3rd period - Tyler Bozak is hit by Mark Fraser and loses puck.
17:48 of 3rd period - Tyler Bozak is hit by Mark Fraser and loses puck.
17:55 of 3rd period - Shot by Tuomo Ruutu.
17:55 of 3rd period - Shot Blocked by Mark Fraser.
18:46 of 3rd period - Shot by Derek Roy.
18:46 of 3rd period - Stopped by Maxime Daigneault without a rebound.
18:47 of 3rd period - Paul Byron wins face-off versus Kyle MacKinnon in Jets zone.
19:20 of 3rd period - Pavel Vorobiev is hit by Slava Voynov and loses puck.
19:54 of 3rd period - Minor Penalty to Derek Roy for Hooking.
19:55 of 3rd period - Sam Reinhart wins face-off versus Boyd Gordon in Predators zone.
19:56 of 3rd period - Shot by Brent Aubin.
19:56 of 3rd period - Shot Blocked by Ladislav Smid.
Goals for this period are 0 for Jets vs 0 for Predators.
Shots for this period are 12 for Jets vs 16 for Predators.

Overtime #1


0:01 of 1st overtime period - R.J. Umberger wins face-off versus Tomas Surovy in neutral zone.
0:18 of 1st overtime period - Shot by Tomas Surovy.
0:18 of 1st overtime period - Shot Misses the Net.
0:44 of 1st overtime period - Icing by Tomas Surovy.
0:45 of 1st overtime period - R.J. Umberger wins face-off versus Tomas Surovy in Jets zone.
1:15 of 1st overtime period - Shot by Gustav Nyquist.
1:15 of 1st overtime period - Shot Misses the Net.
1:17 of 1st overtime period - Shot by Gustav Nyquist.
1:17 of 1st overtime period - Shot Blocked by Danny Dekeyser.
1:37 of 1st overtime period - Shot by Gustav Nyquist.
1:37 of 1st overtime period - Stopped by Cam Ward without a rebound.
1:38 of 1st overtime period - R.J. Umberger wins face-off versus Tomas Surovy in Predators zone.
1:44 of 1st overtime period - Icing by Jake Muzzin.
1:45 of 1st overtime period - Tomas Surovy wins face-off versus R.J. Umberger in Jets zone.
2:04 of 1st overtime period - Shot by Gustav Nyquist.
2:04 of 1st overtime period - Shot Misses the Net.
2:32 of 1st overtime period - Shot by Tyler Bozak.
2:32 of 1st overtime period - Shot Blocked by Ryan Ellis.
3:02 of 1st overtime period - Shot by Kyle Okposo.
3:02 of 1st overtime period - Shot Misses the Net.
4:18 of 1st overtime period - Shot by Pavel Vorobiev.
4:18 of 1st overtime period - Stopped by Cam Ward without a rebound.
4:19 of 1st overtime period - Sam Reinhart wins face-off versus Derek Roy in Predators zone.
4:32 of 1st overtime period - Shot by Josh Bailey.
4:32 of 1st overtime period - Stopped by Cam Ward without a rebound.
4:33 of 1st overtime period - Kyle Okposo wins face-off versus Brent Aubin in Predators zone.
4:48 of 1st overtime period - Shot by Kyle Okposo.
4:48 of 1st overtime period - Shot Misses the Net.
4:52 of 1st overtime period - Shot by Nikita Filatov.
4:52 of 1st overtime period - Shot Blocked by Jake Muzzin.
Goals for this period are 0 for Jets vs 0 for Predators.
Shots for this period are 3 for Jets vs 0 for Predators.

ShootOut


5:00 of 1st overtime period - Penalty Shot by Tomas Surovy for Jets.
5:00 of 1st overtime period - Stopped by Cam Ward.
5:00 of 1st overtime period - Penalty Shot by Tuomo Ruutu for Predators.
5:00 of 1st overtime period - Shot Misses the Net.
5:00 of 1st overtime period - Penalty Shot by Brent Aubin for Jets.
5:00 of 1st overtime period - Goal by Brent Aubin.
5:00 of 1st overtime period - Penalty Shot by Ryan Callahan for Predators.
5:00 of 1st overtime period - Stopped by Maxime Daigneault.
5:00 of 1st overtime period - Penalty Shot by Kyle MacKinnon for Jets.
5:00 of 1st overtime period - Stopped by Cam Ward.
5:00 of 1st overtime period - Penalty Shot by Kyle Okposo for Predators.
5:00 of 1st overtime period - Stopped by Maxime Daigneault.